 Dungeon Crawl Stone Soup version 0.31.0-11-ge490571c62 (webtiles) character file.

Game seed: 2600554682711569241

64353 PaiMei the Lord of Darkness (level 14, -1/113 HPs)
             Began as a Demonspawn Necromancer on Jan 28, 2024.
             Was the Champion of Kikubaaqudgha.
             Killed from afar by a tengu reaver (70 damage)
             ... with a bolt of cold
             ... on level 13 of the Dungeon.
             The game lasted 00:57:11 (33009 turns).

PaiMei the Lord of Darkness (DsNe)                 Turns: 33009, Time: 00:57:11

Health: -1/113     AC: 15    Str: 10    XL:     14   Next: 71%
Magic:  26/30      EV: 21    Int: 19    God:    Kikubaaqudgha [******]
Gold:   1346       SH: 11    Dex: 14    Spells: 6/38 levels left

rFire   . . .        x - +9 mace of Brawling {heavy, rElec rC- rN++}
rCold   x . .        z - +0 buckler
rNeg    + + .        s - +4 ring mail
rPois   .            (no helmet)
rElec   +            Z - +0 cloak {Will+}
rCorr   .            v - +1 pair of gloves
SInv    .            i - +2 pair of boots
Will    ++...        n - amulet of reflection
Stlth   ++           f - +5 ring of evasion
HPRegen 0.38/turn    I - ring of wizardry
MPRegen 0.22/turn

%: reflection, wizardry (x1)
@: no status effects
A: ignite blood 2, spiny 1, sturdy frame 3, demonic touch 1
a: Renounce Religion, Unearth Wretches, Torment, Brand Weapon With Pain, Receive
Forbidden Knowledge


You were on level 13 of the Dungeon.
You worshipped Kikubaaqudgha.
Kikubaaqudgha was exalted by your worship.
You visited 5 branches of the dungeon, and saw 22 of its levels.

You collected 1445 gold pieces.
You spent 99 gold pieces at shops.

Inventory:

Hand Weapons
 x - the +9 mace of Brawling (weapon) {heavy, rElec rC- rN++}
   (You found it on level 4 of the Dungeon)

   rC-:       It makes you vulnerable to cold.
   rElec:     It insulates you from electricity.
   rN++:      It greatly protects you from negative energy.
Missiles
 t - 36 poisoned darts (quivered)
 H - a throwing net
 P - 10 curare-tipped darts
Armour
 i - a +2 pair of boots (worn)
 s - a +4 ring mail (worn)
 v - a +1 pair of gloves (worn)
 z - a +0 buckler (worn)
 Z - a +0 cloak of willpower (worn)
Jewellery
 f - a +5 ring of evasion (left hand)
 n - an amulet of reflection (around neck)
 p - a ring of see invisible
 I - a ring of wizardry (right hand)
 L - a ring of protection from cold
 Y - an amulet of faith
Wands
 a - a wand of digging (3)
 e - a wand of paralysis (3)
 g - a wand of mindburst (20)
 u - a wand of flame (74)
 D - a wand of iceblast (6)
 K - a wand of polymorph (5)
Scrolls
 h - 2 scrolls of blinking
 k - 5 scrolls of teleportation
 l - 4 scrolls of enchant armour
 o - 3 scrolls of immolation
 q - 3 scrolls of amnesia
 w - 3 scrolls of vulnerability {unknown}
 y - 3 scrolls of revelation {unknown}
 A - 2 scrolls of silence {unknown}
 B - 5 scrolls of noise
 F - 4 scrolls of fog
 J - 4 scrolls of fear
 M - a scroll of poison {unknown}
 O - 3 scrolls of butterflies {unknown}
 R - a scroll of torment {unknown}
 T - a scroll of brand weapon {unknown}
 U - 4 scrolls of enchant weapon {unknown}
 W - 3 scrolls of identify
Potions
 b - 3 potions of magic
 c - 2 potions of cancellation {unknown}
 d - 6 potions of curing
 j - 3 potions of enlightenment
 m - 2 potions of might {unknown}
 r - a potion of heal wounds
 C - a potion of berserk rage {unknown}
 E - a potion of brilliance {unknown}
 G - a potion of ambrosia {unknown}
 N - 2 potions of lignification {unknown}
 Q - 4 potions of attraction
 S - a potion of haste {unknown}
Miscellaneous
 V - a phial of floods
 X - a lightning rod (4/4)


   Skills:
 - Level 11.0 Fighting
 + Level 6.8 Maces & Flails
 - Level 10.1 Dodging
 - Level 2.4 Stealth
 + Level 7.3 Shields
 + Level 12.5 Spellcasting
 + Level 15.1 Necromancy


You had 6 spell levels left.
You knew the following spells:

 Your Spells              Type           Power      Damage    Failure   Level
a - Necrotise             Necr           100%       1d9       0%          1
b - Vampiric Draining     Necr           62%        2d10      1%          3
c - Animate Dead          Necr           62%        N/A       1%          4
d - Curse of Agony        Necr           62%        N/A       1%          5
e - Dispel Undead         Necr           62%        3d22      1%          4
f - Borgnjor's Vile Clut  Necr/Erth      20%        N/A       4%          5
g - Anguish               Hex/Necr       20%        N/A       1%          4
h - Death Channel         Necr           31%        N/A       1%          6

Your spell library contained the following spells:

 Spells                   Type           Power      Damage    Failure   Level
 Sublimation of Blood     Necr           62%        N/A       0%          2
 Kiss of Death            Conj/Necr      100%       2d13      1%          1
 Magic Dart               Conj           44%        1d5       3%          1
 Shock                    Conj/Air       44%        1d5       3%          1
 Blink                    Tloc           22%        N/A       4%          2
 Ensorcelled Hibernation  Hex/Ice        22%        N/A       4%          2
 Lesser Beckoning         Tloc           22%        N/A       4%          2
 Momentum Strike          Conj/Tloc      22%        3d8       4%          2
 Searing Ray              Conj           22%        2d5       4%          2
 Hailstorm                Conj/Ice       11%        3d6       10%         3
 Inner Flame              Hex/Fire       11%        N/A       10%         3
 Passwall                 Erth           11%        N/A       10%         3
 Summon Ice Beast         Ice/Summ       11%        N/A       10%         3
 Swiftness                Air            11%        N/A       10%         3
 Airstrike                Air            5%         2d(1-17)  30%         4
 Animate Armour           Summ/Erth      22%        N/A       30%         4
 Flame Wave               Conj/Fire      11%        2d6       30%         4
 Fulminant Prism          Conj/Alch      5%         3d7       30%         4
 Sticky Flame             Fire/Alch      11%        2d5       30%         4
 Summon Lightning Spire   Summ/Air       11%        N/A       30%         4
 Vhi's Electric Charge    Tloc/Air       22%        N/A       30%         4
 Arcjolt                  Conj/Air       5%         1d15      61%         5
 Lee's Rapid Deconstruct  Erth           5%         3d6*      61%         5
 Plasma Beam              Fire/Air       5%         2x1d16    99%         6
 Sculpt Simulacrum        Ice/Alch       5%         N/A       99%         6


Dungeon Overview and Level Annotations

Branches:
Dungeon (13/15)            Temple (1/1) D:7            Lair (5/5) D:10
 Shoals (0/4) Lair:3        Snake (0/4) Lair:3        Slime (1/5) Lair:4
    Orc (2/2) D:10
    Elf: Orc:2       Vaults: D:13-14

Altars:
Ashenzari
Cheibriados
Dithmenos
Fedhas
Gozag
Hepliaklqana
Kikubaaqudgha
Makhleb
Nemelex Xobeh
Okawaru
Qazlal
Ru
Sif Muna
Trog
Uskayaw
Vehumet
Wu Jian
Xom
Yredelemnul

Shops:
D:3 !   D:5 *   D:7 (   D:8 !

Annotations:
D:3 Sigmund
D:6 3 runed translucent doors, SuperJoe's ghost, novice DjCK
D:8 1 runed translucent door
D:13 Rupert


Innate Abilities, Weirdness & Mutations

Your demonic aura often causes spilled blood to erupt in flames.
You are partially covered in sharp spines.
Your movements are significantly less encumbered by armour. (ER -6)
Your touch may inflict minor irresistible damage on your foes.


Message History

You start resting.
A tengu reaver is nearby!
There is a stone staircase leading up, spattered with blood here.
You climb upwards.
There is a stone staircase leading down here.
You start resting.
Magic restored.
You start resting.
HP restored.
You climb downwards.
Level annotation: Rupert The tengu reaver shouts!
There is a stone staircase leading up, spattered with blood here.
Casting: Curse of Agony (safe; 1% risk of failure)
Confirm with . or Enter, or press ? or * to list all spells.
Aiming: Borgnjor's Vile Clutch (dangerous; 4% risk of failure)
Press: ? - help, Shift-Dir - straight line, f - tengu reaver
Aim: a tengu reaver, wielding a +2 great mace and wearing a +3 ring mail of fire resistance (repelling missiles, 100% to hit)
Zombie hands grab the tengu reaver.
The zombie hands constrict the tengu reaver, but do no damage.
The tengu reaver struggles to escape constriction.
The zombie hands constrict the tengu reaver, but do no damage.
The tengu reaver gestures at you while chanting.
The bolt of fire hits you!!!
You see here a basilisk corpse.
The zombie hands constrict the tengu reaver.
The tengu reaver struggles to escape constriction.
You see here a shapeshifter corpse.
The zombie hands constrict the tengu reaver!
You block the tengu reaver's attack.
The tengu reaver pecks you but does no damage.
The tengu reaver claws you but does no damage.
You sock the tengu reaver!
The tengu reaver is moderately wounded.
The zombie hands constrict the tengu reaver.
The tengu reaver casts a spell at you. The bolt of cold hits you!!!
You feel a terrible chill!
Ouch! That really hurt!
You die...
Kikubaaqudgha rasps: "You have failed me!
Welcome... death!"

#..## #...# ########...##
#...#.#... #...........#
.. ..l....
#...........##'####Ce...##
#............'..C.pc?8...
#...........##'####T....
####.>...^Q.# y...
#.....@.## ...#H#.
#....†..# ....# #...†..##
#..?# #..<...# ...#
#.....## '.' #.....# #(#
#....## ###p### ####....#
###.....## #.......#
###.........


You could see a tengu reaver (repels missiles, clutched).

Vanquished Creatures
  A sphinx (D:13)
  A yaktaur captain (D:13)
  An entropy weaver (shapeshifter) (D:13)
  A catoblepas (Lair:5)
  5 hydras
  4 centaur warriors (D:13)
  A death knight (D:13)
  6 death yaks
  3 boulder beetles
  A two-headed ogre (D:13)
  An orc high priest (Orc:2)
  Sonja (D:13)
  A skyshark (Lair:5)
  A goliath frog (Lair:5)
  A deep elf archer (D:13)
  A phantasmal warrior (D:13)
  An ugly thing (D:13)
  An orc knight (D:13)
  An orc sorcerer (Orc:2)
  3 cyclopes
  Maurice (Orc:1)
  4 kobold blastminers (Orc:2)
  8 elephants (Lair:5)
  2 manticores (D:13)
  6 black mambas
  12 cane toads
  An efreet (D:12)
  Maggie (D:9)
  A kobold demonologist (D:11)
  3 rime drakes
  6 komodo dragons
  3 yaktaurs (D:13)
  A polar bear (Lair:4)
  A troll (shapeshifter) (D:13)
  2 tyrant leeches (Lair:5)
  3 trolls
  Prince Ribbit (D:8)
  22 blink frogs
  2 hornets
  A snapping turtle (Lair:3)
  A centaur simulacrum (D:13)
  5 wyverns
  3 wraiths
  2 shadows
  2 vampires
  2 fire elementals (Lair:4)
  32 yaks
  2 wargs (Orc:2)
  A water elemental (Lair:3)
  5 basilisks
  2 steam dragons
  A naga (Lair:3)
  5 vampire mosquitoes
  An acid dragon (D:9)
  Duvessa (D:7)
  14 water moccasins
  A cane toad zombie (Lair:5)
  A sky beast (D:7)
  26 orc warriors
  An ice beast (D:7)
  A black bear (D:6)
  4 ogres
  A blink frog zombie (Lair:5)
  20 wolves
  4 centaurs
  A phantom (D:5)
  4 kobold brigands (D:9)
  22 bullfrogs
  3 scorpions
  A gnoll sergeant (D:11)
  10 wights
  Dowan (D:7)
  5 killer bees (D:9)
  An electric eel (D:9)
  3 howler monkeys
  A bullfrog zombie (Lair:5)
  3 hounds
  6 jellies
  14 orc priests
  2 sleepcaps
  5 hell rats (Lair:5)
  5 iguanas
  18 orc wizards
  Ijyb (D:3)
  5 adders
  8 gnolls
  3 white imps
  3 ribbon worms
  69 orcs
  6 ball pythons
  2 bats (D:2)
  3 endoplasms (D:2)
  5 giant cockroaches
  12 goblins
  11 hobgoblins
  14 jackals
  20 kobolds
  6 quokkas
  3 training dummies (D:7)
  5 frilled lizards
  A jackal skeleton (D:8)
  4 rats
541 creatures vanquished.

Vanquished Creatures (collateral kills)
  A skyshark (Lair:5)
  An elephant (Lair:5)
  4 cane toads
  3 blink frogs (Lair:5)
  A wyvern (Lair:3)
  2 yaks (Lair:2)
  A vampire mosquito (Lair:5)
  A water moccasin (Lair:5)
  A bullfrog (Lair:5)
  An electric eel (Lair:5)
  2 orcs
  2 endoplasms
  2 frilled lizards
  A butterfly (Lair:2)
23 creatures vanquished.

Vanquished Creatures (others)
  A goliath frog zombie (Lair:5)
  A cane toad (Lair:5)
  2 hydra zombies (Lair:5)
  6 cane toad zombies
  2 blink frog zombies (Lair:5)
  A kobold brigand (D:6)
  A komodo dragon zombie (Lair:3)
  A yak zombie (Lair:2)
  A centaur zombie (D:10)
  3 bullfrog zombies
  5 orc zombies (Orc:2)
24 creatures vanquished.

Grand Total: 588 creatures vanquished

Notes
Turn   | Place    | Note
-------+----------+-------------------------------------------
     0 | D:1      | PaiMei the Demonspawn Necromancer began the quest for the
                  | Orb.
     0 | D:1      | Reached XP level 1. HP: 13/13 MP: 3/3
   489 | D:1      | Gained mutation: Your demonic aura sometimes causes spilled
                  | blood to erupt in flames. [demonic ancestry]
   489 | D:1      | Reached XP level 2. HP: 19/19 MP: 3/5
  1291 | D:2      | Gained mutation: Your movements are slightly less
                  | encumbered by armour. (ER -2) [demonic ancestry]
  1291 | D:2      | Reached XP level 3. HP: 24/24 MP: 0/6
  1295 | D:2      | Learned a level 3 spell: Vampiric Draining
  1817 | D:2      | Found a faded altar of an unknown god.
  2919 | D:3      | Reached XP level 4. HP: 30/30 MP: 1/7
  3059 | D:3      | Found Ybbouc's Distillery.
  3091 | D:3      | Bought a potion of curing for 39 gold pieces
  3216 | D:3      | Reached skill level 5 in Necromancy
  3219 | D:3      | Noticed Ijyb
  3221 | D:3      | Killed Ijyb
  3406 | D:3      | Noticed Sigmund
  3697 | D:3      | Reached skill level 1 in Fighting
  4489 | D:4      | Identified the +9 mace of Brawling {heavy, rElec rC- rN++}
  4664 | D:4      | Gained mutation: Your movements are less encumbered by
                  | armour. (ER -4) [demonic ancestry]
  4664 | D:4      | Reached XP level 5. HP: 37/37 MP: 2/9
  5054 | D:4      | Found a broken altar of Ashenzari.
  5774 | D:4      | Gained mutation: You are partially covered in sharp spines.
                  | [demonic ancestry]
  5774 | D:4      | Reached XP level 6. HP: 44/44 MP: 5/11
  5874 | D:5      | Entered Level 5 of the Dungeon
  6163 | D:5      | Found a radiant altar of Vehumet.
  6518 | D:5      | Found Gozag's Platinum Reserve.
  6521 | D:5      | Found an opulent altar of Gozag.
  6538 | D:5      | Reached skill level 6 in Necromancy
  6538 | D:5      | Gained mutation: Your touch may inflict minor irresistible
                  | damage on your foes. [demonic ancestry]
  6538 | D:5      | Reached XP level 7. HP: 47/52 MP: 12/12
  7889 | D:6      | Reached XP level 8. HP: 60/60 MP: 5/14
  7978 | D:6      | Found a runed translucent gate.
  7979 | D:6      | Found a runed translucent gate.
  7979 | D:6      | Found a runed translucent gate.
  7986 | D:6      | Noticed SuperJoe's ghost (novice DjCK)
  8526 | D:7      | Reached skill level 7 in Necromancy
  8943 | D:7      | Reached skill level 5 in Dodging
  8943 | D:7      | Reached skill level 5 in Spellcasting
  9088 | D:7      | Learned a level 4 spell: Animate Dead
  9244 | D:7      | Reached skill level 5 in Fighting
  9268 | D:7      | Found Ydayss's Firing Range.
  9440 | D:7      | Reached XP level 9. HP: 68/68 MP: 10/17
  9536 | D:7      | Reached skill level 8 in Necromancy
  9607 | D:7      | Found a staircase to the Ecumenical Temple.
  9613 | Temple   | Entered the Ecumenical Temple
  9620 | Temple   | Became a worshipper of Kikubaaqudgha
  9658 | D:7      | Noticed Duvessa
  9658 | D:7      | Noticed Dowan
  9684 | D:7      | Killed Duvessa
  9687 | D:7      | Killed Dowan
  9996 | D:8      | Found a shimmering blue altar of Sif Muna.
 10004 | D:8      | Noticed Prince Ribbit
 10010 | D:8      | Killed Prince Ribbit
 10112 | D:8      | Found a runed translucent door.
 10119 | D:8      | Found a basalt altar of Yredelemnul.
 10207 | D:8      | Found Kethraseo's Distillery.
 10936 | D:8      | Identified the +0 plate armour of Licapha {rElec}
 11243 | D:8      | Bought a potion of heal wounds for 60 gold pieces
 11330 | D:9      | Noticed Maggie
 11336 | D:9      | Killed Maggie
 11418 | D:9      | Reached skill level 9 in Necromancy
 11699 | D:9      | Found a blossoming altar of Fedhas.
 11699 | D:9      | Found a bloodstained altar of Trog.
 11730 | D:9      | Gained mutation: Your demonic aura often causes spilled
                  | blood to erupt in flames. [demonic ancestry]
 11730 | D:9      | Reached XP level 10. HP: 46/77 MP: 8/20
 12010 | D:9      | Paralysed by a hornet for 2 turns
 12109 | D:9      | Reached * piety under Kikubaaqudgha
 12109 | D:9      | Received a gift from Kikubaaqudgha
 12281 | D:9      | Noticed a cyclops
 12285 | D:9      | Killed a cyclops
 12999 | D:10     | Entered Level 10 of the Dungeon
 13288 | D:10     | Found a staircase to the Lair.
 13328 | D:10     | Found a staircase to the Orcish Mines.
 13404 | D:10     | Noticed a boulder beetle
 13418 | D:10     | Killed a boulder beetle
 13419 | D:10     | Reached skill level 10 in Necromancy
 13551 | D:10     | Reached ** piety under Kikubaaqudgha
 14250 | Lair:1   | Entered Level 1 of the Lair of Beasts
 14252 | Lair:1   | Noticed a black mamba
 14253 | Lair:1   | Noticed a cane toad
 14254 | Lair:1   | Reached XP level 11. HP: 55/86 MP: 20/23
 15105 | Lair:1   | Learned a level 5 spell: Curse of Agony
 15383 | Lair:1   | Reached skill level 11 in Necromancy
 16696 | Lair:2   | Noticed a death yak
 16696 | Lair:2   | Noticed a death yak
 16696 | Lair:2   | Noticed a death yak
 16696 | Lair:2   | Noticed a death yak
 16696 | Lair:2   | Noticed a death yak
 16696 | Lair:2   | Noticed a death yak
 16761 | Lair:1   | Killed a death yak
 17067 | Lair:2   | Killed a death yak
 17068 | Lair:2   | Reached XP level 12. HP: 63/97 MP: 15/25
 17072 | Lair:2   | Killed a death yak
 17429 | Lair:2   | Killed a death yak
 17636 | Lair:2   | Reached *** piety under Kikubaaqudgha
 17636 | Lair:2   | Received a gift from Kikubaaqudgha
 17658 | Lair:2   | Killed a death yak
 17659 | Lair:2   | Reached skill level 10 in Fighting
 17659 | Lair:2   | Reached skill level 12 in Necromancy
 17662 | Lair:2   | Killed a death yak
 17993 | Lair:2   | Reached skill level 10 in Spellcasting
 18224 | Lair:2   | Reached skill level 10 in Dodging
 18256 | Lair:2   | Noticed a seven-headed hydra
 18262 | Lair:2   | Killed a seven-headed hydra
 18718 | Lair:3   | Found a staircase to the Snake Pit.
 18904 | Lair:3   | Reached skill level 1 in Shields
 19505 | Lair:3   | Found a staircase to the Shoals.
 19509 | Lair:3   | Reached **** piety under Kikubaaqudgha
 19781 | Lair:4   | Found a staircase to the Slime Pits.
 20617 | Lair:4   | You fall into a shaft and drop 1 floor!
 20617 | Lair:5   | Entered Level 5 of the Lair of Beasts
 20639 | Lair:5   | Noticed an eight-headed hydra
 20650 | Lair:5   | Killed an eight-headed hydra
 20651 | Lair:5   | Gained mutation: Your movements are significantly less
                  | encumbered by armour. (ER -6) [demonic ancestry]
 20651 | Lair:5   | Reached XP level 13. HP: 54/106 MP: 5/27
 20653 | Lair:5   | Reached skill level 1 in Maces & Flails
 20653 | Lair:5   | Reached skill level 13 in Necromancy
 21454 | Lair:5   | Reached ***** piety under Kikubaaqudgha
 22311 | Lair:5   | Reached skill level 5 in Shields
 22426 | Lair:5   | Reached skill level 14 in Necromancy
 22883 | Lair:5   | Learned a level 4 spell: Dispel Undead
 22889 | Lair:5   | Learned a level 5 spell: Borgnjor's Vile Clutch
 22894 | Lair:5   | Learned a level 4 spell: Anguish
 22901 | Lair:5   | Learned a level 6 spell: Death Channel
 23912 | Slime:1  | Entered Level 1 of the Pits of Slime
 23912 | Slime:1  | Noticed a rockslime
 24086 | Orc:1    | Entered Level 1 of the Orcish Mines
 24117 | Orc:1    | Noticed Maurice
 24131 | Orc:1    | Killed Maurice
 24549 | Orc:2    | Entered Level 2 of the Orcish Mines
 24650 | Orc:2    | Reached skill level 5 in Maces & Flails
 24655 | Orc:2    | Reached XP level 14. HP: 65/113 MP: 4/29
 26005 | Orc:2    | Paralysed by an orc sorcerer for 2 turns
 26374 | Orc:2    | Noticed an orc warlord
 29541 | D:12     | Reached ****** piety under Kikubaaqudgha
 30439 | D:13     | Noticed Rupert
 30440 | D:13     | Noticed a sphinx
 30848 | D:13     | Noticed a tengu reaver
 30854 | D:13     | Noticed a frost giant
 30994 | D:13     | Noticed Sonja
 31004 | D:13     | Killed Sonja
 31182 | D:13     | Noticed a frost giant
 31946 | D:13     | Reached skill level 15 in Necromancy
 31975 | D:13     | Killed a sphinx
 33009 | D:13     | Killed from afar by a tengu reaver

Illustrated notes

Levels and vault maps discovered:
D:1:      saegor_arrival_miasma, layout_basic, st_stairs_14
D:2:      layout_basic, hellmonk_ecumenical_altar_blasted, kennysheep_boxes
D:3:      layout_loops_ring, serial_shops, shop, hex_tiny, chequers_garden,
          uniq_sigmund, uniq_ijyb
D:4:      layout_loops_cross, lemuel_tele_altar, kennysheep_generic_room_8
D:5:      layout_loops_corners, vehumet_altar_wand_db,
          nicolae_gozag_zags_fifth_avenue
D:6:      layout_rooms, gammafunk_ghost_necromancy
D:7:      layout_basic, minmay_temple_entry_enclosed_plants,
          nicolae_shop_firing_range, uniq_duvessa
D:8:      layout_layer_cave, dk_yredelemnul_ordeal,
          nicolae_sif_muna_little_library, serial_shops,
          nicolae_shop_tiny_glass, uniq_prince_ribbit1
D:9:      layout_roguey, nicolae_overflow_two_pavilions, lightli_minifort,
          uniq_maggie
D:10:     layout_layer_cave, david_lair_shrubbed, orc_0_dummy
D:11:     layout_gridville
D:12:     layout_cave_pools
D:13:     nicolae_fronds_of_death, layout_irregular_city,
          grunt_vaults_entry_fortified, uniq_sonja, uniq_rupert
Temple:   nicolae_temple_no_exploring_needed
Lair:1:   layout_regular_city
Lair:2:   layout_regular_city, grunt_megastairs_2, serial_bayou_shore_b,
          lemuel_fruit_fields
Lair:3:   layout_loops_ring, minmay_shoals_entry_hut,
          guppyfry_snake_entry_island
Lair:4:   layout_gridlike, nicolae_slime_entry_field_trip
Lair:5:   minmay_lair_end_frog_pond, layout_hall_layers, serial_bayou_shore_b
Slime:1:  layout_caves
Orc:1:    layout_caves, uniq_maurice
Orc:2:    grunt_orc_community_town_hall, layout_caves,
          grunt_orc_community_big_house_1, grunt_orc_community_big_house_1,
          grunt_orc_community_house_1, grunt_orc_community_house_3,
          grunt_orc_community_house_2, grunt_orc_community_house_3,
          grunt_orc_community_house_1, grunt_orc_community_house_2,
          serial_shops, nicolae_shop_tiny_waterfront, ebering_ghost_xom,
          uniq_jorgrun

Skill      XL: |  1  2  3  4  5  6  7  8  9 10 11 12 13 14 |
---------------+-------------------------------------------+-----
Stealth        | 2 |  2.4
Dodging        | 2 3 4 5 6 8 9 10 | 10.1
Necromancy     | 5 6 7 9 10 11 12 14 15 | 15.1
Fighting       | 1 2 3 4 5 6 8 9 11 | 11.0
Spellcasting   | 3 4 5 6 8 9 10 11 12 | 12.5
Shields        | 2 5 7 |  7.3
Maces & Flails | 5 6 |  6.8

Action                     |  1- 3 |  4- 6 |  7- 9 | 10-12 | 13-15 || total
---------------------------+-------+-------+-------+-------+-------++-------
  Melee: Unarmed           |    45 |       |       |       |     7 ||    52
         Quarterstaff      |     6 |    12 |       |       |       ||    18
         Mace              |       |    20 |    46 |   164 |   218 ||   448
         Touch             |       |       |     9 |    41 |    14 ||    64
         Punch             |       |       |     1 |     2 |     2 ||     5
   Cast: Necrotise         |    98 |    99 |    50 |   122 |    55 ||   424
         Vampiric Draining |       |     6 |    62 |   172 |   139 ||   379
         Animate Dead      |       |       |       |     5 |     4 ||     9
         Curse of Agony    |       |       |       |    12 |     9 ||    21
         Borgnjor's Vile C |       |       |       |       |    88 ||    88
         Dispel Undead     |       |       |       |       |     9 ||     9
         Anguish           |       |       |       |       |     2 ||     2
  Evoke: Lightning rod     |       |       |       |       |     2 ||     2
         Wand              |       |       |       |       |     1 ||     1
    Use: Scroll            |       |       |       |       |    13 ||    13
         Potion            |       |       |       |       |     4 ||     4
   Stab: Distracted        |       |       |       |     1 |       ||     1
         Petrified         |       |       |       |       |     1 ||     1
 Armour: Robe              |    11 |       |       |       |       ||    11
         Leather armour    |     9 |    35 |    61 |   210 |   121 ||   436
         Ring mail         |       |       |       |       |   166 ||   166
         Skin              |       |       |       |       |     1 ||     1
  Dodge: Dodged            |    58 |    46 |   104 |   404 |   444 ||  1056
  Block: Other             |     1 |    14 |    24 |   116 |    42 ||   197
         Reflection        |       |     1 |     3 |     3 |    21 ||    28
         Buckler           |       |       |       |       |   173 ||   173
